 Dungeon Crawl Stone Soup version 0.18-a0-1572-g0a86841 (webtiles) character file.

85 mopl the Insei (level 4, -3/35 HPs)
             Began as a Mummy Monk on Mar 15, 2016.
             Slain by a river rat (5 damage)
             ... on level 3 of the Dungeon.
             The game lasted 00:03:51 (2817 turns).

mopl the Insei (Mummy Monk)                         Turns: 2817, Time: 00:03:51

Health: -3/35      AC:  1    Str: 14    XL:     4   Next: 25%
Magic:  4/4        EV: 13    Int:  9    God:
Gold:   176        SH:  0    Dex: 15    Spells: 0 memorised, 3 levels left

rFire  x . .     SeeInvis .       - Unarmed
rCold  + + .     Gourm    .     (no armour)
rNeg   + + +     Faith    .     (no shield)
rPois  ∞         Spirit   .     b - +0 helmet
rElec  .         Dismiss  .     (no cloak)
rCorr  .         Reflect  .     (no gloves)
SustAt .         Harm     .     (no boots)
MR     .....                    (no amulet)
Stlth  ++........               (no ring)
                                c - ring of protection from cold

@: not resistant to hostile enchantments, unstealthy
A: no food or potions, fire vulnerability, cold resistance 1, negative energy
resistance 3, torment resistance, unbreathing
a: no special abilities


You were on level 3 of the Dungeon.
You were not hungry.

You visited 1 branch of the dungeon, and saw 3 of its levels.

You collected 176 gold pieces.

Inventory:

Armour
 b - a +0 helmet (worn)
Jewellery
 c - a ring of protection from cold (left hand)
Scrolls
 a - a scroll of magic mapping
 d - a scroll of remove curse
 e - a scroll of fear
 f - a scroll of teleportation {unknown}
 g - a scroll of fog {unknown}


   Skills:
 - Level 3.0 Fighting
 - Level 2.4 Dodging
 - Level 1.5 Stealth
 * Level 4.8 Unarmed Combat


You had 3 spell levels left.
You didn't know any spells.

Dungeon Overview and Level Annotations

Branches:
Dungeon (3/15)

Altars:
Fedhas
Qazlal
Zin


Innate Abilities, Weirdness & Mutations

You do not eat or drink.
Your flesh is vulnerable to fire.
You are immune to poison.
Your flesh is cold resistant.
You are immune to negative energy.
You are immune to unholy pain and torment.
You can survive without breathing.


Message History

You closely miss the river rat.
The river rat is heavily wounded.
You closely miss the river rat.
The river rat is heavily wounded.
The river rat bites you!
You barely miss the river rat.
The river rat is heavily wounded.
The river rat barely misses you.
You hit the river rat but do no damage.
The river rat is heavily wounded.
The river rat bites you!
You barely miss the river rat.
The river rat is heavily wounded.
You hear the rusting of a drain.
The river rat bites you!
* * * LOW HITPOINT WARNING * * *
You closely miss the river rat.
The river rat is heavily wounded.
The river rat bites you.
You die...

..##.#....#......'..
#...#..#.#.#.####..
#.#.#..#.#.#.# #..
#......#.#.#.# ##.
#...#.##.#.#.# #.
#...#.##.#.#.# #.
#.....##.#.#.# #.
#..##.##.#...# ##
##@#..##.#####
##r#####.#
#≈≈≈#....#
#≈≈≈###### ##≈## #≈#
#≈# #≈# ≈≈≈


You could see a river rat.

Vanquished Creatures
  3 adders (D:2)
  A worm (D:2)
  2 dart slugs (D:2)
  2 giant geckos
  A bat (D:1)
  5 giant cockroaches
  5 goblins
  8 hobgoblins
  4 jackals (D:1)
  4 kobolds
  2 quokkas (D:2)
  A ball python (D:2)
  5 giant newts
  2 rats
45 creatures vanquished.

Notes
Turn   | Place    | Note
--------------------------------------------------------------
     0 | D:1      | mopl the Mummy Monk began the quest for the Orb.
     0 | D:1      | Reached XP level 1. HP: 18/18 MP: 1/1
   251 | D:1      | Reached XP level 2. HP: 24/24 MP: 2/2
   883 | D:2      | Reached skill level 4 in Unarmed Combat
   974 | D:2      | Found a stormy altar of Qazlal.
   989 | D:2      | Reached XP level 3. HP: 7/29 MP: 3/3
  1227 | D:2      | Found a blossoming altar of Fedhas.
  1765 | D:2      | Reached XP level 4. HP: 16/35 MP: 4/4
  2461 | D:2      | Found a glowing silver altar of Zin.
  2817 | D:3      | Slain by a river rat

Vault maps used:
D:1:      saegor_arrival_simple_d
D:2:      grunt_temple_overflow_forces_of_nature, lemuel_doored_altar,
          minmay_misc_feat_iff
D:3:      gup_sewer_entry_bubbles, minmay_misc_feat_rows, uniq_robin

Skill      XL: |  1  2 |
---------------+-------+-----
Unarmed Combat | 4 |  4.8
Fighting       | |  3.0
Dodging        | |  2.4
Stealth        | |  1.5

Action                   |  1- 3 |  4- 6 || total
-------------------------+-------+-------++-------
Melee: Unarmed           |   119 |    64 ||   183
  Use: Scroll            |       |     3 ||     3
 Stab: Sleeping          |     3 |     1 ||     4
